 Dungeon Crawl Stone Soup version 0.28.0-47-ge53b351184 (webtiles) character file.

Game seed: 10612306741284550112

6767 issech the Basher (level 10, -3/88 HPs)
             Began as a Troll Monk on May 8, 2022.
             Was an Elder of Hepliaklqana.
             Slain by an orc warrior
             ... wielding a +0 broad axe
              (23 damage)
             ... in a bailey.
             The game lasted 00:36:51 (7862 turns).

issech the Basher (Troll Monk)                      Turns: 7862, Time: 00:36:52

Health: -3/88      AC:  7    Str: 24    XL:     10   Next: 76%
Magic:  9/9        EV: 17    Int:  6    God:    Hepliaklqana [****..]
Gold:   785        SH:  0    Dex: 16    Spells: 9/9 levels left

rFire   . . .      SeeInvis .   P - +8 hand axe of Gallantry {flame, Str+3}
rCold   . . .      Faith    .   (no shield)
rNeg    . . .      Spirit   .   S - +0 steam dragon scales
rPois   +          Reflect  .   (helmet restricted)
rElec   .          Harm     .   (no cloak)
rCorr   .          Rampage  .   (gloves unavailable)
Will    .....                   (boots unavailable)
Stlth   ++........              g - amulet of the acrobat
HPRegen 1.04/turn               k - +4 ring of evasion
MPRegen 0.11/turn               J - ring of poison resistance

@: no status effects
A: reduced essence, large, unfitting armour, claws 3, regeneration 1, shaggy fur
1, tough skin 1
a: Renounce Religion, Recall Ancestor, Ancestor Identity, Transference, Idealise


You were in a bailey.
You worshipped Hepliaklqana.
Hepliaklqana was greatly pleased with you.
You visited 2 branches of the dungeon, and saw 10 of its levels.
You also visited: Bailey.

You collected 845 gold pieces.
You spent 60 gold pieces at shops.

Inventory:

Hand Weapons
 e - a +2 short sword of protection
 q - a +0 halberd
 x - a +3 dagger of chaos
 G - a +0 longbow
 M - a +2 dagger of venom
 N - a +0 arbalest
 P - the +8 hand axe of Gallantry (weapon) {flame, Str+3}
   (You found it on level 9 of the Dungeon)

   It burns those it strikes, dealing additional fire damage.
   Big, fiery blades are also staple armaments of hydra-hunters.
   Str:       It affects your strength (+3).
 Q - a +3 mace
 R - a +3 long sword
 T - the +7 hand axe "Bilan" {freeze, rElec}
   (You found it on level 9 of the Dungeon)

   It freezes those it strikes, dealing additional cold damage.
   It can also slow down cold-blooded creatures.
   rElec:     It insulates you from electricity.
 V - a +2 war axe
 Y - a +0 giant spiked club
 Z - a +3 war axe
Missiles
 c - 39 poisoned darts
 d - 281 stones
 h - 145 arrows
 s - 24 boomerangs (quivered)
 E - 56 sling bullets
 K - 26 bolts
 O - 4 datura-tipped darts
 W - 3 curare-tipped darts
Armour
 y - a +1 robe of willpower
 S - +0 steam dragon scales (worn)
Jewellery
 g - an amulet of the acrobat (around neck)
 k - a +4 ring of evasion (left claw)
 C - a ring of flight
 D - a ring of see invisible
 J - a ring of poison resistance (right claw)
Wands
 r - a wand of flame (29)
 A - a wand of iceblast (11)
 U - a wand of acid (10)
 X - a wand of paralysis (7)
Scrolls
 b - a scroll of immolation {unknown}
 n - 2 scrolls of amnesia
 p - a scroll of fog
 w - a scroll of fear
 z - 2 scrolls of enchant armour
 B - a scroll of blinking
 L - 2 scrolls of teleportation
Potions
 a - a potion of brilliance {unknown}
 f - 2 potions of flight {unknown}
 i - 2 potions of degeneration {unknown}
 j - 3 potions of curing {unknown}
 l - a potion of magic {unknown}
 m - 3 potions of might {unknown}
 o - 2 potions of ambrosia {unknown}
 t - 3 potions of attraction {unknown}
 u - a potion of haste {unknown}
 v - 2 potions of lignification {unknown}
 F - a potion of resistance {unknown}
 H - a potion of cancellation {unknown}
 I - 3 potions of heal wounds {unknown}


   Skills:
 + Level 5.8 Fighting
 + Level 2.0 Short Blades
 + Level 0.6(5.5) Axes
 + Level 9.7 Maces & Flails
 + Level 5.9 Throwing
 + Level 6.9 Dodging
 + Level 2.9 Stealth


You had 9 spell levels left.
You didn't know any spells.
Your spell library contained the following spells:

 Spells                   Type           Power      Damage    Failure   Level
 Apportation              Tloc           0%         N/A       45%         1
 Blink                    Tloc           0%         N/A       58%         2
 Scorch                   Fire           0%         2d5       58%         2
 Static Discharge         Conj/Air       0%         N/A       58%         2
 Lesser Beckoning         Tloc           0%         N/A       83%         3
 Dispel Undead            Necr           0%         3d6       99%         4
 Flame Wave               Conj/Fire      0%         2d4       99%         4
 Sticky Flame             Conj/Fire      0%         2d3       99%         4
 Alistair's Intoxication  Tmut/Pois      0%         N/A       100%        5
 Manifold Assault         Tloc           0%         N/A       100%        5
 Summon Cactus Giant      Summ           0%         N/A       100%        6


Dungeon Overview and Level Annotations

Branches:
Dungeon (9/15)             Temple (1/1) D:6            Lair (0/6) D:9
 Bailey (1/1)
    Orc: D:9-12

Altars:
Ashenzari
Cheibriados
Dithmenos
Elyvilon
Fedhas
Gozag
Hepliaklqana
Kikubaaqudgha
Makhleb
Nemelex Xobeh
Okawaru
Qazlal
Sif Muna
Trog
Uskayaw
Vehumet
Wu Jian
Xom
Yredelemnul
Zin
The Shining One

Shops:
D:7 ?(?


Innate Abilities, Weirdness & Mutations

Your life essence is reduced to manifest your ancestor. (-10% HP)
You are too large for most types of armour.
You have claws for hands.
Your natural rate of healing is unusually fast.
You are covered in fur. (AC +1)
You have tough skin. (AC +1)


Message History

You hit the orc warrior. You burn the orc warrior.
The orc warrior is moderately wounded.
Septimus points at the orc warrior and mumbles some strange words.
The stone arrow hits the orc warrior!!
The orc warrior hits Septimus with a +0 war axe.
The orc warrior closely misses you.
Septimus hits the orc warrior with a +0 quarterstaff.
The orc warrior dies!
The orc warrior misses you.
There is an open door, spattered with blood here.
Items here: )) [[ †.
You closely miss the orc warrior. The orc warrior barely misses you.
You closely miss the orc warrior. The orc warrior closely misses you.
You barely miss the orc warrior.
The orc warrior hits you but does no damage.
You hit the orc warrior. You burn the orc warrior.
The orc warrior is moderately wounded.
The orc warrior hits you with a +0 broad axe!
You hit the orc warrior. You burn the orc warrior.
The orc warrior is moderately wounded.
The orc warrior closely misses you.
You hit the orc warrior. You burn the orc warrior.
The orc warrior is heavily wounded.
The orc warrior closely misses you.
Septimus casts a spell at the orc warrior.
The puff of frost hits the orc warrior!
You hit the orc warrior but do no damage.
The orc warrior is almost dead.
The orc warrior completely misses you.
You barely miss the orc warrior.
The orc warrior is almost dead.
The orc warrior hits you with a +0 broad axe!
You completely miss the orc warrior.
The orc warrior is almost dead.
The orc warrior hits you with a +0 broad axe!!
* * * LOW HITPOINT WARNING * * *
You hit the orc warrior but do no damage.
The orc warrior is almost dead.
The orc warrior hits you with a +0 broad axe!!
You die...

#....≈≈.......≈≈....#
#####≈≈.......≈≈#####
##≈.......≈##
####'''#### ##.....##
#∩.....∩# #...8...#
##.R...## ###@###
#o))# .......
...........
...............
...............
#.............#
###.}[.(.)$.###


You could see the friendly Septimus the battlemage and an orc warrior (ally
target).

Vanquished Creatures
  Psyche (D:8)
  3 yaks (D:8)
  A water moccasin (D:4)
  2 sky beasts
  An orc warrior (Bailey)
  A black bear (D:5)
  An ogre (D:6)
  A centaur (D:6)
  A phantom (D:6)
  4 kobold brigands
  2 scorpions (D:5)
  A water moccasin skeleton (D:6)
  5 killer bees (D:7)
  5 wights
  A bullfrog zombie (D:5)
  2 hounds (D:6)
  2 jellies
  2 orc priests
  A bullfrog skeleton (D:6)
  A centaur skeleton (D:4)
  3 iguanas
  A gnoll shaman (D:8)
  Ijyb (D:4)
  3 orc wizards
  A statue (D:8)
  A killer bee zombie (D:6)
  A hound zombie (D:5)
  Robin (D:4)
  4 gnolls (D:2)
  A howler monkey skeleton (D:5)
  6 adders
  2 ufetubi (D:5)
  A worm (D:2)
  4 dart slugs
  17 orcs
  7 endoplasms
  3 giant cockroaches
  11 goblins (D:4)
  12 hobgoblins
  8 jackals
  4 quokkas
  5 ball pythons
  3 bats
  3 frilled lizards
  21 kobolds
  2 rats
164 creatures vanquished.

Vanquished Creatures (collateral kills)
  A two-headed ogre (D:8)
  Grinder (D:6)
  A wyvern (D:7)
  8 yaks (D:8)
  2 steam dragons
  A water moccasin (D:7)
  3 orc warriors
  A sky beast (D:7)
  A black bear (D:7)
  2 centaurs (D:9)
  2 kobold brigands (Bailey)
  A bullfrog (D:7)
  A scorpion (D:7)
  A killer bee (D:7)
  5 wights (D:7)
  A centaur skeleton (D:7)
  An iguana (D:7)
  An orc wizard (D:8)
  3 gnolls (D:8)
  2 orcs (D:8)
  5 kobolds
44 creatures vanquished.

Vanquished Creatures (others)
  A steam dragon (D:7)
  A fungus (D:7)
  9 plants (D:9)
11 creatures vanquished.

Grand Total: 219 creatures vanquished

Notes
Turn   | Place    | Note
-------+----------+-------------------------------------------
     0 | D:1      | issech the Troll Monk began the quest for the Orb.
     0 | D:1      | Reached XP level 1. HP: 22/22 MP: 0/0
    98 | D:1      | Reached XP level 2. HP: 24/29 MP: 1/1
   120 | D:1      | Reached skill level 3 in Maces & Flails
   310 | D:1      | Found a faded altar of an unknown god.
   452 | D:1      | Reached XP level 3. HP: 36/36 MP: 2/2
  1160 | D:2      | Reached XP level 4. HP: 42/45 MP: 3/3
  1498 | D:3      | Found a shimmering blue altar of Sif Muna.
  2147 | D:4      | Identified the +1 helmet of Optimism {rCorr Str+3}
  2147 | D:4      | Noticed Robin
  2162 | D:4      | Reached XP level 5. HP: 41/53 MP: 4/4
  2169 | D:4      | Killed Robin
  2356 | D:4      | Noticed Ijyb
  2383 | D:4      | Killed Ijyb
  2384 | D:4      | Reached skill level 4 in Maces & Flails
  2384 | D:4      | Reached skill level 1 in Throwing
  2405 | D:4      | Found a hide-covered altar of Uskayaw.
  2649 | D:4      | Reached XP level 6. HP: 59/61 MP: 5/5
  2684 | D:4      | Found an iron altar of Okawaru.
  2932 | D:5      | Entered Level 5 of the Dungeon
  3063 | D:5      | Noticed a water moccasin
  3202 | D:4      | Killed a water moccasin
  3250 | D:5      | Reached skill level 5 in Maces & Flails
  3353 | D:5      | Reached XP level 7. HP: 54/67 MP: 6/6
  4009 | D:5      | Reached skill level 1 in Short Blades
  4083 | D:5      | Reached XP level 8. HP: 47/74 MP: 7/7
  4269 | D:6      | Reached skill level 6 in Maces & Flails
  4371 | D:6      | Found a staircase to the Ecumenical Temple.
  4393 | Temple   | Entered the Ecumenical Temple
  4430 | Temple   | Became a worshipper of Hepliaklqana the Forgotten
  4430 | Temple   | Reached * piety under Hepliaklqana
  4430 | Temple   | Reached ** piety under Hepliaklqana
  4431 | Temple   | Remembered your ancestor Septimus as a battlemage
  4828 | D:6      | Noticed Grinder
  4835 | D:6      | Killed Grinder
  5029 | D:6      | Reached skill level 5 in Dodging
  5438 | D:7      | Reached skill level 7 in Maces & Flails
  5507 | D:7      | Reached XP level 9. HP: 76/76 MP: 8/8
  5668 | D:7      | Found Jocorus's Magic Scroll Boutique.
  5894 | D:7      | Reached skill level 8 in Maces & Flails
  5914 | D:7      | Found Meicotom's Magic Scroll Shop.
  5926 | D:7      | Bought a scroll of identify for 20 gold pieces
  5926 | D:7      | Bought a scroll of identify for 20 gold pieces
  5926 | D:7      | Bought a scroll of identify for 20 gold pieces
  5956 | D:7      | Reached skill level 5 in Fighting
  6073 | D:7      | Found Wekaekae's Weapon Shop.
  6678 | D:8      | Noticed a two-headed ogre
  6681 | D:8      | Noticed Psyche
  6684 | D:8      | Killed a two-headed ogre
  6691 | D:8      | Killed Psyche
  6692 | D:8      | Reached XP level 10. HP: 86/86 MP: 9/9
  6701 | D:8      | Reached *** piety under Hepliaklqana
  6983 | D:8      | Reached skill level 9 in Maces & Flails
  6983 | D:8      | Reached skill level 5 in Throwing
  7117 | D:8      | Found a radiant altar of Vehumet.
  7664 | D:9      | Found a staircase to the Lair.
  7679 | D:9      | Found a flagged portal.
  7688 | D:9      | Identified the +8 hand axe of Gallantry {flame, Str+3}
  7690 | D:9      | Identified the +7 hand axe "Bilan" {freeze, rElec}
  7694 | Bailey   | Entered a bailey
  7836 | Bailey   | Reached **** piety under Hepliaklqana
  7862 | Bailey   | Slain by an orc warrior

Illustrated notes

Levels and vault maps discovered:
D:1:      eino_arrival_water_star, layout_rooms,
          hellmonk_ecumenical_altar_heavens_door, serial_bayou_crossing
D:2:      layout_loops_cross, chequers_decorated_corner, dk_noncrumbling_2,
          fountainhead
D:3:      layout_loops_ring, general_overflow_altar
D:4:      kennysheep_six_static_rooms, layout_loops_cross,
          overflow_temple_1_default, mainiacjoe_overflow_boulevard, uniq_robin,
          uniq_ijyb
D:5:      layout_basic
D:6:      layout_loops_ring, minmay_temple_entry_mini_moons, uniq_grinder
D:7:      kennysheep_steamy, layout_gridville, serial_shops,
          nicolae_shop_temple_entry_statues_fountains, shop, shop
D:8:      layout_basic, vehumet_statue, uniq_psyche
D:9:      layout_roguey, nicolae_overflow_hidden_temple, david_lair_shrubbed,
          enter_bailey_2
Temple:   minmay_crystal_spiral_temple
Bailey:   bailey_axe_3, bailey

Skill      XL: |  1  2  3  4  5  6  7  8  9 10 |
---------------+-------------------------------+-----
Maces & Flails | 3 4 5 7 8 9 |  9.7
Fighting       | 3 4 5 |  5.8
Dodging        | 3 4 5 6 |  6.9
Throwing       | 1 2 3 4 5 |  5.9
Short Blades   | 1 2 |  2.0
Stealth        | 2 |  2.9
Axes           | |  0.6

Action                   |  1- 3 |  4- 6 |  7- 9 | 10-12 || total
-------------------------+-------+-------+-------+-------++-------
Melee: Mace              |   127 |     7 |   172 |    66 ||   372
       Punch             |     2 |     1 |     5 |     1 ||     9
       Flail             |       |   155 |    16 |       ||   171
       Dagger            |       |       |    77 |       ||    77
       Hand axe          |       |       |       |    39 ||    39
 Fire: Arbalest          |       |       |     2 |       ||     2
Throw: Dart              |     9 |       |       |       ||     9
       Boomerang         |       |    56 |    38 |    15 ||   109
Invok: Ancestor Life: Ba |       |       |     1 |       ||     1
  Use: Scroll            |       |       |     9 |     2 ||    11
 Stab: Sleeping          |     4 |     1 |       |     1 ||     6
       Distracted        |       |       |     2 |       ||     2
Armor: Robe              |    63 |    35 |     6 |       ||   104
       Animal skin       |       |       |    19 |       ||    19
       Steam dragon scal |       |       |    15 |    15 ||    30
Dodge: Dodged            |    95 |   150 |   217 |   102 ||   564
